 Dungeon Crawl Stone Soup version 0.21.1-1-g345015f (webtiles) character file.

26 inc the Magician (level 2, -1/11 HPs)
             Began as a Felid Ice Elementalist on Feb 20, 2018.
             Killed from afar by a dart slug (6 damage)
             ... with a slug dart
             ... on level 1 of the Dungeon.
             The game lasted 00:02:17 (777 turns).

inc the Magician (Felid Ice Elementalist)            Turns: 777, Time: 00:02:17

Health: -1/11      AC:  1    Str:  4    XL:     2   Next: 89%
Magic:  7/7        EV: 18    Int: 16    God:
Gold:   27         SH:  0    Dex: 16    Spells: 6/7 levels left
                                        Lives:  0   Deaths: 0

rFire    . . .     SeeInvis +   (weapon unavailable)
rCold    . . .     Gourm    .   (shield unavailable)
rNeg     + . .     Faith    .   (armour unavailable)
rPois    .         Spirit   .   (helmet unavailable)
rElec    .         Reflect  .   (cloak unavailable)
rCorr    .         Harm     .   (gloves unavailable)
MR       .....                  (boots unavailable)
Stlth    +++.......             (no amulet)
HPRegen  0.03/turn              d - ring of positive energy
MPRegen  0.10/turn              (no ring)

@: quick
A: very small, no armour, no weapons or thrown items, stealth, claws 1, fangs 3,
see invisible, carnivore, speed 1, shaggy fur 1, slow metabolism 1, sharp paws
a: no special abilities


You were on level 1 of the Dungeon.
You were completely stuffed.

You visited 1 branch of the dungeon, and saw 1 of its levels.

You collected 27 gold pieces.

Inventory:

Jewellery
 d - a ring of positive energy (left paw)
Scrolls
 c - a scroll of random uselessness {unknown}
 e - a scroll of fear {unknown}
Books
 a - a book of Frost

   Spells                             Type                      Level
   a - Freeze                         Ice                          1
   b - Throw Frost                    Conjuration/Ice              2
   c - Ozocubu's Armour               Charms/Ice                   3
   d - Throw Icicle                   Conjuration/Ice              4
   e - Summon Ice Beast               Ice/Summoning                4
Comestibles
 b - a ration
 f - 4 chunks of flesh


   Skills:
 - Level 2.7 Dodging
 - Level 2.7 Stealth
 - Level 3.0 Spellcasting
   Level 0.8 Conjurations
 + Level 2.9 Ice Magic


You had 6 spell levels left.
You knew the following spells:

 Your Spells              Type           Power        Failure   Level  Hunger
a - Freeze                Ice            ##..         5%          1    #......


Dungeon Overview and Level Annotations

Branches:
Dungeon (1/15)

Altars:


Innate Abilities, Weirdness & Mutations

You cannot wear armour.
You are incapable of wielding weapons or throwing items.
Your paws allow you to move quietly. (Stealth)
You have sharp claws.
You have razor-sharp teeth.
You have supernaturally acute eyesight. (SInv)
You are carnivorous and can eat meat at any time.
You cover ground quickly.
You are covered in fur. (AC +1)
You have a slow metabolism.
Your sharp claws are effective at attacking unaware monsters.


Message History

Aim: a giant cockroach (clinging)
You freeze the giant cockroach.
You kill the giant cockroach!
You start resting.
Magic restored.
You see here a giant cockroach corpse.
You butcher the giant cockroach corpse.
f - 4 chunks of flesh (gained 2) You're too full to eat anything.
There is a stone staircase leading down here.
The dart slug is too close now for your liking.
A dart slug is nearby!
The dart slug launches a dart at you. The slug dart hits you!
Ouch! That really hurt!
There is an open door here.
The dart slug launches a dart at you. The slug dart hits you!
Ouch! That really hurt!
You die...

..............................#.#
#########...........s.....###.#.#
#.#############.### #.#.# #.# #.#
#.#.# #.# #.# #.#.# #.##########
#.# #.#.# #.##.......# #.# #.#.#
#.#####.##.......####.# #.#.#
.............w@..'..>.# #.#.#
#..####)##.......###..# #.#.#
#...#.......# #..# #.#.#
#...#.......# #..# #.#.#
#...#.......# #..# #.#(#
#...#...)...# #..# #.#.#
#...#.).....# #..# #.#.#
....######### #..# #...# .#
....## #####


You could see a dart slug.

Vanquished Creatures
  2 dart slugs (D:1)
  A ball python (D:1)
  A bat (D:1)
  3 giant cockroaches (D:1)
  4 hobgoblins (D:1)
  3 jackals (D:1)
  A kobold (D:1)
  2 frilled lizards (D:1)
  2 rats (D:1)
19 creatures vanquished.

Notes
Turn   | Place    | Note
-------+----------+-------------------------------------------
     0 | D:1      | inc the Felid Ice Elementalist began the quest for the Orb.
     0 | D:1      | Reached XP level 1. HP: 7/7 MP: 4/4
   145 | D:1      | Reached XP level 2. HP: 11/11 MP: 3/6
   695 | D:1      | Reached skill level 3 in Spellcasting
   777 | D:1      | Killed from afar by a dart slug

Skill      XL: |  1  2 |
---------------+-------+-----
Spellcasting   | 3 |  3.0
Dodging        | |  2.7
Stealth        | |  2.7
Conjurations   | |  0.8
Ice Magic      | |  2.9

Action                   || total
-------------------------++-------
Melee: Unarmed           ||    18
       Bite              ||     2
 Cast: Freeze            ||    27
 Stab: Sleeping          ||     5
  Eat: Chunk             ||     7
Armor: Skin              ||     2
Dodge: Dodged            ||    30
